 Seeded DCSS version 0.29-a0-1023-g6ae1a4a2c7 (webtiles) character file.

Game seed: 20220812 (custom seed)

28 purpskrrrp the Sneak (level 3, -1/22 HPs)
             Began as an Octopode Enchanter on Aug 12, 2022.
             Slain by an adder (2 damage)
             ... on level 3 of the Dungeon.
             The game lasted 00:02:18 (1264 turns).

purpskrrrp the Sneak (Octopode Enchanter)           Turns: 1264, Time: 00:02:18

Health: -1/22      AC:  1    Str:  7    XL:     3   Next: 12%
Magic:  6/6        EV: 13    Int: 17    God:
Gold:   56         SH:  0    Dex: 14    Spells: 6/6 levels left

rFire   . . .      SeeInvis .   a - +1 dagger
rCold   . . .      Faith    .   (no shield)
rNeg    . . .      Spirit   .   (helmet restricted)
rPois   .          Reflect  .   (no amulet)
rElec   .          Harm     .   f - ring of flight
rCorr   .          Rampage  .   (no ring)
Will    .....                   (no ring)
Stlth   ++++......              (no ring)
HPRegen 0.07/turn               (no ring)
MPRegen 0.10/turn               (no ring)
                                (no ring)
                                (no ring)

@: flying, invisible
A: almost no armour, amphibious, 8 rings, camouflage 1, gelatinous body 1,
(nimble swimmer 1), tentacles
a: no special abilities


You were on level 3 of the Dungeon.
You visited 1 branch of the dungeon, and saw 3 of its levels.

You collected 56 gold pieces.

Inventory:

Hand Weapons
 a - a +1 dagger (weapon)
Jewellery
 f - a ring of flight (left tentacle)
Scrolls
 c - a scroll of teleportation {unknown}
 d - a scroll of vulnerability {unknown}
 g - a scroll of torment {unknown}
 j - a scroll of poison {unknown}
Potions
 b - a potion of invisibility
 e - 2 potions of lignification {unknown}
 h - a potion of curing {unknown}
 i - a potion of attraction {unknown}


   Skills:
 + Level 0.5 Fighting
 + Level 1.5 Short Blades
 + Level 2.4 Dodging
 * Level 4.4 Stealth
 + Level 0.5 Unarmed Combat
 - Level 2.0 Spellcasting
 - Level 3.0 Hexes


You had 6 spell levels left.
You didn't know any spells.
Your spell library contained the following spells:

 Spells                   Type           Power      Damage    Failure   Level
 Ensorcelled Hibernation  Hex/Ice        14%        N/A       16%         2
 Confusing Touch          Hex            12%        N/A       16%         3
 Tukima's Dance           Hex            12%        N/A       16%         3
 Dazzling Flash           Conj/Hex       14%        N/A       30%         3


Dungeon Overview and Level Annotations

Branches:
Dungeon (3/15)

Altars:

Shops:
D:2 (


Innate Abilities, Weirdness & Mutations

You cannot wear most types of armour.
You are amphibious.
You can wear up to eight rings at the same time.
Your skin changes colour to match your surroundings (Stealth+).
Your rubbery body absorbs attacks. (AC +1, EV +1)
((You are camouflaged when in or above water. (Stealth+)))
You have tentacles for arms and can constrict up to eight enemies at once.


Message History

The adder closely misses you.
You hit the adder but do no damage. Your grab misses the adder.
The adder bites you.
You hit the adder. Your grab misses the adder.
The adder is moderately wounded.
The adder barely misses you.
You hit the adder. Your grab misses the adder. Your squeeze misses the adder.
The adder is heavily wounded.
The adder bites you.
You are poisoned.
The adder poisons you! The adder bites you. The adder barely misses you.
The adder bites you.
You are too injured to fight recklessly!
You are too injured to fight recklessly!
You are too injured to fight recklessly!
You are too injured to fight recklessly!
You closely miss the adder. You grab the adder. You constrict the adder.
You feel sick. The adder closely misses you. The adder barely misses you.
You release your grip on the adder.
You feel sick.
You feel sick. The orc attacks as you move away! The orc barely misses you.
You feel sick. The orc attacks as you move away! The orc completely misses you.
You feel sick.
You hit the orc. You grab the orc. You squeeze the orc.
The orc is almost dead.
You constrict the orc.
You kill the orc!
You feel sick.
You hit the adder but do no damage. You grab the adder.
The adder is lightly wounded.
You constrict the adder.
You feel sick.
You are no longer poisoned.
The adder closely misses you.
You fade into invisibility!
You constrict the adder. The adder closely misses you. The adder bites you.
* * * LOW HITPOINT WARNING * * *
You hit the adder. You squeeze the adder.
The adder is almost dead.
You constrict the adder, but do no damage.
The adder bites you.
You die...

#. ..# #. ..# #
###.#######.#.#
.. .....##.#.#
#.##........#
#..<...##.###
.....>..(#......#
#####....#.##.#.#
##...#..#@# #
.....#..#S#.#
##....#..#S#.##
#....#.......#
#....####.####
............$.#
...............
..#####........
.........


You could see 2 adders.

Vanquished Creatures
  A dart slug (D:1)
  An orc (D:3)
  3 endoplasms
  2 goblins
  2 hobgoblins (D:1)
  A quokka (D:1)
  2 ball pythons (D:1)
  3 bats (D:1)
  2 frilled lizards
  4 kobolds
  5 rats
26 creatures vanquished.

Notes
Turn   | Place    | Note
-------+----------+-------------------------------------------
     0 | D:1      | purpskrrrp the Octopode Enchanter began the quest for the
                  | Orb.
     0 | D:1      | Reached XP level 1. HP: 11/11 MP: 3/3
   473 | D:1      | Reached XP level 2. HP: 17/17 MP: 5/5
   833 | D:1      | Found a faded altar of an unknown god.
  1194 | D:2      | Reached XP level 3. HP: 22/22 MP: 6/6
  1206 | D:2      | Found Akkuez's Weapon Emporium.
  1263 | D:3      | HP: 1/22 [adder (3)]
  1264 | D:3      | Slain by an adder

Illustrated notes

Levels and vault maps discovered:
D:1:      spicycebolla_arrival_xxxplode, layout_basic,
          dilly_ecumenical_altar_fadedgnrine
D:2:      layout_basic, serial_shops, nicolae_shop_bloodbath_and_beyond,
          basic_altar, uniq_sigmund
D:3:      layout_basic, led_xom_imps, serial_bayou_pond_c

Action                   || total
-------------------------++-------
Melee: Dagger            ||    49
       Tentacles         ||     8
       Constrict         ||    12
       Punch             ||     2
  Use: Potion            ||     1
 Stab: Sleeping          ||    10
Armor: Skin              ||     2
Dodge: Dodged            ||    30

Table legend: (Time is in decaauts)
 A = Elapsed time spent in this place.
 B = Non-inter-level travel time spent in this place.
 C = Inter-level travel time spent in this place.
 D = Time resting spent in this place.
 E = Time spent auto-exploring this place.
 F = Levels seen in this place.
 G = Mean time per level.
                   A        B        C        D        E       F      G
               +--------+--------+--------+--------+--------+-----+--------+
         Total |   1260 |   1220 |     40 |    328 |    706 |   3 |  420.0 |
       Dungeon |   1260 |   1220 |     40 |    328 |    706 |   3 |  420.0 |
               +--------+--------+--------+--------+--------+-----+--------+

Top non-repeatable levels by time:
     D:1: 983 daAuts
     D:2: 250 daAuts
     D:3: 25 daAuts
